 Dungeon Crawl Stone Soup version 0.27.0-1-g7a089689b8 (webtiles) character file.

Game seed: 1575383573511466010

283712 inmateoo the Tortoise (level 19, -1/180 HPs)
             Began as a Minotaur Warper on Aug 13, 2021.
             Was the Champion of Yredelemnul.
             Killed from afar by an ancient lich (100 damage)
             ... with a crystal spear
             ... on level 5 of the Vaults.
             The game lasted 00:55:15 (43434 turns).

inmateoo the Tortoise (Minotaur Warper)            Turns: 43434, Time: 00:55:15

Health: -1/180     AC: 44    Str: 23    XL:     19   Next: 76%
Magic:  28/28      EV:  7    Int: 10    God:    Yredelemnul [******]
Gold:   3049       SH: 17    Dex: 11    Spells: 20/20 levels left

rFire    . . .     SeeInvis .   f - +8 demon trident (venom)
rCold    + . .     Faith    .   p - +0 tower shield
rNeg     . . .     Spirit   .   J - +8 crystal plate armour {rC+}
rPois    +         Reflect  .   v - +2 hat
rElec    +         Harm     .   S - +1 cloak {rCorr}
rCorr    +         Rampage  .   G - +1 pair of gloves
Will     +++..                  r - +0 pair of boots of the Merchant {Str+2}
Stlth    ..........             D - amulet of regeneration
HPRegen  1.40/turn              E - ring of Vaut Qeco {Wiz rElec Will++ Str-2}
MPRegen  0.21/turn              O - ring of poison resistance

@: about to teleport
A: horns 2, retaliatory headbutt
}: 2/15 runes: barnacled, gossamer
a: Renounce Religion, Recall Undead Slaves, Injury Mirror, Animate Dead, Drain
Life, Enslave Soul


You were on level 5 of the Vaults.
You worshipped Yredelemnul.
Yredelemnul was exalted by your worship.
You visited 7 branches of the dungeon, and saw 37 of its levels.
You also visited: Sewer, Ice Cave and Volcano.

You collected 5459 gold pieces.
You spent 2410 gold pieces at shops.

Inventory:

Hand Weapons
 f - a +8 demon trident of venom (weapon)
 H - the +3 Elemental Staff {rElec rF++ rC++ Will++ AC+5}
   (You found it on level 6 of the Lair of Beasts)

   If the wielder is skilled in Evocations, they can discharge powerful blasts
   of elemental energy when striking with it.
   It enhances your fire, ice, earth and air magic.
   AC:        It affects your AC (+5).
   rF:        It greatly protects you from fire.
   rC:        It greatly protects you from cold.
   rElec:     It insulates you from electricity.
   Will:      It greatly increases your willpower.
Missiles
 d - 19 boomerangs of dispersal (quivered)
 y - 74 boomerangs
 B - 9 throwing nets
Armour
 p - a +0 tower shield (worn)
 r - the +0 pair of boots of the Merchant (worn) {Str+2}
   (You found it on level 8 of the Dungeon)

   Str:       It affects your strength (+2).
 v - a +2 hat (worn)
 G - a +1 pair of gloves (worn)
 J - a +8 crystal plate armour of cold resistance (worn)
 S - a +1 cloak of preservation (worn)
Jewellery
 D - an amulet of regeneration (around neck)
 E - the ring of Vaut Qeco (left hand) {Wiz rElec Will++ Str-2}
   (You bought it in a shop on level 2 of the Orcish Mines)

   [ring of wizardry]

   It improves your spell success rate.
   Str:       It affects your strength (-2).
   rElec:     It insulates you from electricity.
   Will:      It greatly increases your willpower.
 O - a ring of poison resistance (right hand)
 Q - a ring of positive energy
Wands
 e - a wand of iceblast (49)
 i - a wand of flame (77)
 j - a wand of charming (13)
 x - a wand of acid (1)
 C - a wand of polymorph (26)
 I - a wand of digging (9)
 R - a wand of mindburst (24)
Scrolls
 b - 28 scrolls of teleportation
 c - 7 scrolls of blinking
 w - 8 scrolls of fear
 z - 5 scrolls of magic mapping
 F - 10 scrolls of amnesia
 L - 3 scrolls of fog
 P - 23 scrolls of identify
Potions
 a - 5 potions of heal wounds
 g - 14 potions of curing
 h - 9 potions of invisibility
 k - 5 potions of brilliance
 l - 2 potions of resistance
 m - 2 potions of cancellation
 n - 8 potions of flight
 o - 14 potions of ambrosia
 q - 13 potions of attraction
 s - 2 potions of mutation
 t - 3 potions of lignification
 u - 4 potions of might
 A - 2 potions of haste
 K - 2 potions of magic


   Skills:
 + Level 18.5 Fighting
 - Level 15.9(17.3) Axes
 * Level 12.2(16.1) Polearms
 - Level 7.9(11.1) Staves
 - Level 1.0 Throwing
 + Level 20.6 Armour
 + Level 16.7 Dodging
 + Level 8.6 Shields
 - Level 1.3 Spellcasting
 - Level 2.1 Translocations
 + Level 14.2 Invocations


You had 20 spell levels left.
You didn't know any spells.
Your spell library contained the following spells:

 Spells                   Type           Power      Damage    Failure   Level
 Foxfire                  Conj/Fire      0%         2x1d4     100%        1
 Pain                     Necr           0%         1d4       100%        1
 Sandblast                Erth           0%         2d4       100%        1
 Sting                    Tmut/Pois      0%         1d3       100%        1
 Summon Small Mammal      Summ           0%         N/A       100%        1
 Blink                    Tloc           N/A        N/A       100%        2
 Corpse Rot               Necr/Air       N/A        N/A       100%        2
 Passwall                 Tmut/Erth      0%         N/A       100%        2
 Poisonous Vapours        Pois/Air       0%         N/A       100%        2
 Static Discharge         Conj/Air       0%         N/A       100%        2
 Call Canine Familiar     Summ           0%         N/A       100%        3
 Conjure Flame            Conj/Fire      0%         6-21      100%        3
 Dazzling Flash           Conj/Hex       0%         N/A       100%        3
 Frozen Ramparts          Ice            0%         1d2       100%        3
 Gell's Gravitas          Tloc           2%         N/A       100%        3
 Ignite Poison            Fire/Tmut/Pois 0%         N/A       100%        3
 Inner Flame              Hex/Fire       0%         N/A       100%        3
 Lesser Beckoning         Tloc           2%         N/A       100%        3
 Mephitic Cloud           Conj/Pois/Air  0%         N/A       100%        3
 Ozocubu's Armour         Ice            0%         N/A       100%        3
 Stone Arrow              Conj/Erth      0%         3d7       100%        3
 Summon Guardian Golem    Hex/Summ       0%         N/A       100%        3
 Swiftness                Air            0%         N/A       100%        3
 Teleport Other           Tloc           5%         N/A       100%        3
 Tukima's Dance           Hex            0%         N/A       100%        3
 Animate Armour           Summ/Erth      0%         N/A       100%        4
 Dispel Undead            Necr           0%         3d6       100%        4
 Ice Form                 Ice/Tmut       0%         N/A       100%        4
 Iskenderun's Mystic Bla  Conj/Tloc      2%         2d3       100%        4
 Leda's Liquefaction      Hex/Erth       0%         N/A       100%        4
 Olgreb's Toxic Radiance  Pois           0%         N/A       100%        4
 Passage of Golubria      Tloc           N/A        N/A       100%        4
 Sticky Flame             Conj/Fire      0%         2d3       100%        4
 Summon Ice Beast         Ice/Summ       0%         N/A       100%        4
 Summon Lightning Spire   Summ/Air       0%         N/A       100%        4
 Agony                    Necr           0%         N/A       100%        5
 Blade Hands              Tmut           0%         N/A       100%        5
 Excruciating Wounds      Necr           0%         N/A       100%        5
 Lightning Bolt           Conj/Air       0%         1d11      100%        5
 Manifold Assault         Tloc           5%         N/A       100%        5
 Metabolic Englaciation   Hex/Ice        0%         N/A       100%        5
 Yara's Violent Unravell  Hex/Tmut       0%         3d3       100%        5
 Invisibility             Hex            0%         N/A       100%        6
 Iron Shot                Conj/Erth      0%         9d1       100%        6
 Simulacrum               Ice/Necr       0%         N/A       100%        6
 Starburst                Conj/Fire      0%         8x6d3     100%        6
 Statue Form              Tmut/Erth      0%         N/A       100%        6
 Ozocubu's Refrigeration  Ice            0%         4d5       100%        7
 Storm Form               Tmut/Air       0%         N/A       100%        7
 Ignition                 Fire           0%         3d3       100%        8
 Lehudib's Crystal Spear  Conj/Erth      0%         10d2      100%        8
 Maxwell's Capacitive Co  Air            0%         ∞         100%        8


Dungeon Overview and Level Annotations

Branches:
Dungeon (15/15)            Temple (1/1) D:7            Lair (6/6) D:10
 Shoals (4/4) Lair:4       Spider (4/4) Lair:2        Slime (0/5) Lair:5
    Orc (2/2) D:10            Elf (0/3) Orc:2        Vaults (5/5) D:13
  Crypt (0/3) Vaults:2     Depths (0/5) D:15          Sewer (visited)
  IceCv (visited)         Volcano (visited)

Altars:
Ashenzari
Cheibriados
Dithmenos
Elyvilon
Fedhas
Gozag
Nemelex Xobeh
Okawaru
Qazlal
Ru
Trog
Uskayaw
Vehumet
Wu Jian
Xom
Yredelemnul
Zin
The Shining One
Beogh

Shops:
D:1 :   D:7 !!=(?   D:10 ?   Orc:2 [(=([*[:(   Shoals:3 *   Vaults:3 *

Portals:
Trove: D:13 (give 2 scrolls of acquirement)


Innate Abilities, Weirdness & Mutations

You have a pair of horns on your head.
You reflexively headbutt those who attack you in melee.


Message History

The shining eye turns its gaze towards you.
The shining eye changes into a mana viper!
The vault warden activates a sealing rune.
The vault sentinel blows a loud note on a signal horn!
The vault guard hits you but does no damage.
You block the vault warden's attack.
The two-headed ogre hits you but does no damage.
The two-headed ogre completely misses you.
You block the ogre's attack.
The dread lich gestures wildly while chanting.
The moth of wrath goads the vault guard on!
The vault guard goes berserk!
The moth of wrath goads the quicksilver dragon on!
The quicksilver dragon goes berserk!
The vault guard hits you but does no damage.
The vault sentinel blows a loud note on a signal horn! x2
The ancient lich gestures at you while chanting.
The crystal spear hits you!!! The sphinx barely misses you.
You furiously retaliate!
You headbutt the sphinx. You block the sphinx's attack.
The sphinx hits you but does no damage.
The vault warden hits you with a +2 long sword of flaming!
The vault warden burns you.
You hear a shout! x2
There is a sealed passage leading up, summoned, spattered with blood here.
A magical barricade bars your way!
Unknown command.
Okay, then.
As you read the scroll of teleportation, it crumbles to dust.
You feel strangely unstable.
A necromancer comes into view. It is wielding a +0 dagger.
You block the vault guard's attack.
The two-headed ogre completely misses you.
The two-headed ogre hits you but does no damage.
The sphinx casts a spell.
You resist with almost no effort.
The ancient lich gestures at you while chanting.
The crystal spear hits you!!!!
Ouch! That really hurt!
You die...
Your body rises from the dead as a mindless zombie.

#.p#....#.. ##
#..#....#.# .
#.t#....#...# #
#Dp#....#.#.##.#
######p.#....#.....
.........#....#p#.#.#.
...........O..LSp.....
########.pOpD[2.########
........Op@Hp..........
........yOLpW..[.......
..O.......O<.[.........
.......................
#######.......p########
.......O......((.......
........#....#.........
..####.p#.(..#..####...
....#....#.... .


You could see an ironbound preserver, an ancient lich, a dread lich, 2
quicksilver dragons, a sphinx, 2 vault wardens, a vault guard (berserk), a
blizzard demon (summoned), an ironbound frostheart, 2 two-headed ogres, 2 ogre
magi, 4 vault sentinels, a moth of wrath shaped shifter, a phantasmal warrior, a
mana viper shaped shifter, a necromancer (wandering) and 2 ogres.

Vanquished Creatures
  A dread lich (Vaults:4)
  Saint Roka (Orc:2)
  A lich (Vaults:4)
  2 tentacled monstrosities (Vaults:4)
  A titan (Vaults:4)
  2 sphinxes
  A vault warden (Vaults:1)
  3 orc warlords
  Louise (Shoals:4)
  3 ironbound preservers
  3 very ugly things
  3 stone giants (Vaults:4)
  A war gargoyle (Vaults:2)
  A minotaur (Shoals:4)
  An ettin (Vaults:4)
  An eidolon (Vaults:2)
  A merfolk impaler (Shoals:1)
  A jiangshi (Vaults:2)
  A deep elf high priest (Vaults:4)
  9 hydras
  5 boulder beetles
  An ogre mage (Vaults:5)
  3 yaktaur captains
  3 ironbound frosthearts (Vaults:2)
  An ironbound thunderhulk (Vaults:1)
  23 vault guards
  A two-headed ogre (shapeshifter) (Vaults:1)
  A centaur warrior (D:14)
  4 two-headed ogres
  5 death yaks
  3 satyrs (Shoals:4)
  A tengu warrior (D:14)
  An orc high priest (Orc:2)
  A hell knight (Vaults:3)
  A deep elf knight (D:13)
  10 deep trolls
  4 orc knights
  Pikel (D:4)
  4 wizards
  7 ironbound convokers
  4 harpies
  A necromancer (Lair:3)
  2 deep elf pyromancers (D:13)
  3 orc sorcerers
  3 wolf spiders
  An orb spider (Spider:2)
  A deep elf zephyrmancer (D:13)
  13 ugly things
  6 elephants
  A cyclops (D:12)
  A faun (Shoals:3)
  Maurice (D:10)
  4 manticores
  4 black mambas
  A merfolk siren (Lair:4)
  5 vault sentinels
  2 torpor snails
  A smoke demon (Volcano)
  23 cane toads
  2 ice statues (IceCv)
  2 unseen horrors
  5 rime drakes
  A yaktaur zombie (Vaults:4)
  7 komodo dragons
  3 kobold demonologists (D:8)
  3 yaktaurs
  A demonic crawler (Spider:4)
  An efreet (D:14)
  A komodo dragon (shapeshifter) (Vaults:5)
  A yaktaur skeleton (Vaults:4)
  A freezing wraith (Vaults:4)
  5 trolls
  A red devil (Volcano)
  A merfolk (Shoals:4)
  A wind drake (Shoals:4)
  Grinder (D:5)
  2 jumping spiders
  A queen bee (Lair:2)
  6 slime creatures
  16 blink frogs
  9 dream sheep
  A fire giant simulacrum (Vaults:4)
  2 snapping turtles
  Sigmund (D:3)
  A vampire (Lair:6)
  5 wyverns
  8 redbacks
  A shadow (D:10)
  A tarantella (Spider:4)
  2 water elementals
  38 yaks
  A hog (Shoals:3)
  6 basilisks
  2 wraiths
  Grum (D:8)
  14 vampire mosquitoes
  Menkaure (D:4)
  6 wargs
  3 hell hounds (Volcano)
  10 water moccasins
  20 orc warriors
  2 sky beasts
  An ice beast (D:8)
  A black bear (D:10)
  Purgy (Sewer)
  23 wolves
  13 ogres
  2 centaurs
  4 lemures
  A phantom (D:4)
  A kobold brigand (D:9)
  9 bullfrogs
  10 scorpions
  A wyvern skeleton (D:7)
  A water moccasin zombie (D:5)
  A hornet simulacrum (D:15)
  2 water moccasin skeletons
  27 killer bees
  A lindwurm simulacrum (IceCv)
  5 wights (D:8)
  3 howler monkeys (D:8)
  5 centaur zombies
  5 hounds
  8 jellies
  2 komodo dragon simulacra (IceCv)
  14 orc priests
  Crazy Yiuf (D:2)
  A gnoll shaman (D:5)
  2 bullfrog skeletons
  Jessica (D:3)
  A centaur skeleton (D:4)
  2 iguanas
  A scorpion zombie (D:5)
  Natasha (thrice) (D:4)
  2 hell rats (D:12)
  19 orc wizards
  Ijyb (D:3)
  2 yak simulacra (Lair:3)
  4 polar bear simulacra (Lair:3)
  A wolf simulacrum (Lair:3)
  A hound zombie (D:5)
  A hound skeleton (D:5)
  A howler monkey zombie (D:9)
  Robin (D:3)
  9 acid dragon simulacra (IceCv)
  11 gnolls
  11 adders
  4 river rats (D:12)
  4 shadow imps
  3 white imps
  7 steam dragon simulacra (IceCv)
  2 ufetubi
  An adder skeleton (D:4)
  A worm (D:2)
  2 dart slugs
  35 orcs
  5 ball pythons
  13 endoplasms
  9 giant cockroaches
  15 goblins
  4 hobgoblins
  14 kobolds
  4 quokkas
  8 bats
  2 frilled lizards
  7 rats
  4 river rat simulacra (Lair:3)
753 creatures vanquished.

Vanquished Creatures (collateral kills)
  Boris (Vaults:3)
  Bai Suzhen (Spider:3)
  Margery (Vaults:3)
  Nikola (Spider:1)
  Jory (Vaults:3)
  Rupert (D:15)
  Polyphemus (Shoals:2)
  3 sphinxes
  A storm dragon (Vaults:4)
  Kirke (Shoals:3)
  Ilsuiw (Shoals:3)
  Roxanne (D:14)
  A fire giant (Vaults:4)
  A frost giant (Vaults:2)
  4 ghost moths
  An orc warlord (Vaults:4)
  8 emperor scorpions
  2 vault wardens
  7 very ugly things (Vaults:4)
  A stone giant (Vaults:4)
  12 ironbound preservers
  3 dire elephants
  10 entropy weavers
  A spark wasp (Spider:3)
  A deep elf annihilator (Vaults:2)
  2 ettins (Vaults:4)
  The ghost of Serogusm the Archer, a journeyman CeAM of Okawaru (Lair:5)
  7 yaktaur captains
  Josephine (D:15)
  A crystal guardian (Vaults:4)
  A merfolk javelineer (Shoals:2)
  4 merfolk impalers (Shoals:4)
  A jiangshi (Vaults:2)
  3 great orbs of eyes
  6 vault guards
  3 hydras
  A peacekeeper (Vaults:4)
  5 ironbound frosthearts
  A boulder beetle (Lair:5)
  An ice dragon (IceCv)
  A catoblepas (Shoals:2)
  An ogre mage (D:15)
  5 ironbound thunderhulks
  A merfolk avatar (Shoals:1)
  11 centaur warriors
  4 alligator snapping turtles (Shoals:4)
  A two-headed ogre (shapeshifter) (Vaults:1)
  3 two-headed ogres (D:15)
  2 merfolk aquamancers (Shoals:2)
  9 satyrs
  3 death yaks (Shoals:2)
  2 tengu warriors
  5 ironbound beastmasters
  2 hell knights (Vaults:3)
  2 skeletal warriors
  A shadow wraith (Vaults:2)
  A goliath frog (Lair:6)
  A glowing orange brain (Vaults:3)
  10 sea snakes
  34 deep trolls
  A shadow dragon zombie (Vaults:3)
  5 necromancers
  The ghost of RatCamp the Cleaver, a novice MiBe of Trog (D:6)
  A deep elf zephyrmancer (D:15)
  3 orc knights (Vaults:2)
  A golden dragon skeleton (Vaults:3)
  5 lindwurms
  14 harpies
  5 ironbound convokers
  6 wizards
  19 orb spiders
  An orc sorcerer (D:15)
  24 ugly things
  The ghost of wakim the Destroyer, a novice DECj of Vehumet (D:8)
  26 wolf spiders
  25 fauns
  5 elephants (Lair:6)
  21 manticores
  2 moths of wrath
  4 cyclopes
  12 merfolk sirens
  7 vault sentinels
  A naga mage (D:15)
  A guardian serpent (shapeshifter) (Vaults:2)
  2 black mambas
  8 water nymphs
  A centaur zombie (D:15)
  9 cane toads
  4 torpor snails
  4 centaur skeletons
  3 rime drakes
  11 demonic crawlers
  2 freezing wraiths
  8 yaktaurs
  4 komodo dragons
  A meliai (Lair:5)
  3 tyrant leeches (Lair:6)
  A queen bee (Lair:5)
  A polar bear (Lair:3)
  21 merfolk
  8 slime creatures
  19 jumping spiders
  4 wind drakes
  4 hornets
  10 blink frogs
  A harpy skeleton (D:15)
  6 dream sheep
  8 snapping turtles
  A centaur simulacrum (D:15)
  24 tarantellas
  70 redbacks
  4 hogs (Shoals:3)
  4 yaks
  7 water elementals
  A wyvern (Lair:6)
  4 wraiths (D:15)
  A basilisk (D:15)
  9 vampire mosquitoes
  2 human zombies (Vaults:3)
  A swamp worm (shapeshifter) (Vaults:3)
  3 water moccasins
  3 orc warriors
  3 ice beasts
  3 ogres (D:15)
  4 wolves
  8 centaurs
  2 bullfrogs (Lair:6)
  A gnoll sergeant (D:6)
  A lindwurm simulacrum (IceCv)
  8 killer bees
  2 electric eels
  An orc wizard (Orc:2)
  A steam dragon simulacrum (IceCv)
  An orc (D:13)
  A plant (Shoals:4)
707 creatures vanquished.

Vanquished Creatures (others)
  3 profane servitors
  A bone dragon (Spider:4)
  4 ghouls
  5 vampire knights
  7 skeletal warriors
  8 flayed ghosts
  5 phantasmal warriors
  An orc knight (D:13)
  An ugly thing (Vaults:2)
  A centaur skeleton (D:13)
  A spectral human (Vaults:4)
  A tarantella (Spider:4)
  5 flying skulls
  A redback (Spider:1)
  2 wraiths
  6 vampires
  2 wights
  2 mummies (Lair:6)
  A cane toad zombie (Lair:6)
  An orc (D:13)
  45 fungi
  145 plants
248 creatures vanquished.

Grand Total: 1708 creatures vanquished

Notes
Turn   | Place    | Note
-------+----------+-------------------------------------------
     0 | D:1      | inmateoo the Minotaur Warper began the quest for the Orb.
     0 | D:1      | Reached XP level 1. HP: 18/18 MP: 1/1
    82 | D:1      | Reached XP level 2. HP: 19/25 MP: 3/3
   520 | D:1      | Found Zezo's Book Boutique.
   878 | D:1      | Found a faded altar of an unknown god.
  1005 | D:2      | Reached XP level 3. HP: 26/30 MP: 4/4
  1018 | D:2      | Reached skill level 2 in Armour
  1403 | D:2      | Found a runed translucent door.
  1404 | D:2      | Noticed Crazy Yiuf
  1622 | D:3      | Noticed Robin
  1622 | D:3      | Noticed Jessica
  1622 | D:3      | Noticed Ijyb
  1893 | D:3      | Killed Jessica
  2072 | D:3      | Reached XP level 4. HP: 38/38 MP: 5/5
  2105 | D:3      | Killed Robin
  2316 | D:3      | Killed Ijyb
  2861 | D:3      | Reached XP level 5. HP: 39/45 MP: 6/6
  2978 | D:3      | Noticed Sigmund
  2981 | D:3      | Found a sparkling altar of Nemelex Xobeh.
  2996 | D:3      | Killed Sigmund
  2997 | D:3      | Reached skill level 5 in Axes
  2997 | D:3      | Reached skill level 3 in Armour
  2997 | D:3      | Reached XP level 6. HP: 20/52 MP: 7/7
  4178 | D:4      | Reached skill level 4 in Armour
  4178 | D:4      | Reached XP level 7. HP: 60/60 MP: 8/8
  4648 | D:4      | Found a basalt altar of Yredelemnul.
  4658 | D:4      | Became a worshipper of Yredelemnul the Dark
  4845 | D:4      | Noticed Menkaure
  4851 | D:4      | Killed Menkaure
  4852 | D:4      | Reached skill level 5 in Fighting
  5478 | D:4      | Reached skill level 5 in Armour
  5723 | D:4      | Noticed Natasha
  5728 | D:4      | Killed Natasha
  5729 | D:4      | Reached skill level 5 in Dodging
  5729 | D:4      | Reached XP level 8. HP: 66/69 MP: 9/9
  5827 | D:4      | Noticed Natasha
  5832 | D:4      | Killed Natasha
  5930 | D:4      | Noticed Natasha
  5937 | D:4      | Killed Natasha
  6092 | D:4      | Noticed Pikel
  6190 | D:4      | Killed Pikel
  6489 | D:5      | Entered Level 5 of the Dungeon
  6554 | D:5      | Reached skill level 6 in Armour
  6908 | D:5      | Reached * piety under Yredelemnul
  6970 | D:5      | Found a snail-covered altar of Cheibriados.
  6970 | D:5      | Found a white marble altar of Elyvilon.
  6970 | D:5      | Found a sacrificial altar of Ru.
  7008 | D:5      | Found a transporter.
  7011 | D:5      | Found a transporter.
  7043 | D:5      | Reached XP level 9. HP: 73/78 MP: 10/10
  7298 | D:5      | Noticed Grinder
  7306 | D:5      | Killed Grinder
  7316 | D:5      | Found a stormy altar of Qazlal.
  7334 | D:5      | Found an opulent altar of Gozag.
  7727 | D:2      | Killed Crazy Yiuf
  7944 | D:6      | Reached skill level 10 in Axes
  7944 | D:6      | Reached skill level 7 in Armour
  8198 | D:6      | Found a glowing drain.
  8213 | Sewer    | Entered a sewer
  8279 | Sewer    | Noticed Purgy
  8282 | Sewer    | Killed Purgy
  8391 | D:6      | Found a transporter.
  8391 | D:6      | Noticed RatCamp's ghost (novice MiBe)
  8509 | D:6      | Found a transporter.
  8558 | D:6      | Reached ** piety under Yredelemnul
  8874 | D:7      | Found Natasm's Magic Scroll Shoppe.
  8883 | D:7      | Bought a scroll of magic mapping for 56 gold pieces
  8883 | D:7      | Bought a scroll of identify for 32 gold pieces
  8883 | D:7      | Bought a scroll of identify for 32 gold pieces
  8883 | D:7      | Bought a scroll of teleportation for 48 gold pieces
  8883 | D:7      | Bought a scroll of teleportation for 48 gold pieces
  9022 | D:7      | Found Juasumu's Jewellery Boutique.
  9031 | D:7      | Found Baes's Distillery.
  9069 | D:7      | Found Narish's Antique Weapon Shop.
  9209 | D:7      | Found a staircase to the Ecumenical Temple.
  9239 | D:7      | Found an iron altar of Okawaru.
  9242 | D:7      | Identified the +3 pair of gloves "Bumodwit" {rN+ Will-
                  | Int+4}
  9307 | D:7      | Found a blossoming altar of Fedhas.
  9395 | D:7      | Found Geimip's Distillery.
  9423 | D:7      | Found an ornate altar of the Wu Jian Council.
  9605 | D:8      | Noticed Grum
  9616 | D:8      | Reached XP level 10. HP: 47/88 MP: 11/11
  9798 | Temple   | Entered the Ecumenical Temple
  9885 | D:8      | Found a transporter.
  9890 | D:8      | Noticed a moth of wrath
  9907 | D:8      | Noticed wakim's ghost (novice DECj)
 10328 | D:8      | Found a transporter.
 10390 | D:8      | Killed Grum
 10391 | D:8      | Reached skill level 8 in Armour
 12498 | D:10     | Entered Level 10 of the Dungeon
 12521 | D:10     | Identified a scroll of acquirement
 12521 | D:10     | Acquired a +4 scale mail of fire resistance
 12611 | D:10     | Reached skill level 9 in Armour
 12709 | D:10     | Reached *** piety under Yredelemnul
 12727 | D:10     | Reached skill level 10 in Fighting
 12862 | D:10     | Noticed an elephant
 12863 | D:10     | Found a staircase to the Lair.
 12897 | D:10     | Killed an elephant
 12898 | D:10     | Reached XP level 11. HP: 70/99 MP: 12/12
 13038 | D:10     | Noticed Maurice
 13045 | D:10     | Killed Maurice
 13114 | D:10     | Noticed a two-headed ogre
 13130 | D:10     | Killed a two-headed ogre
 13131 | D:10     | Reached skill level 10 in Armour
 13377 | D:10     | Found a shimmering altar of Xom.
 13632 | D:10     | Found a glowing silver altar of Zin.
 13712 | D:10     | Found a staircase to the Orcish Mines.
 13724 | D:10     | Found Nuazobeo's Magic Scroll Shoppe.
 13752 | D:10     | Reached skill level 1 in Invocations
 14647 | D:11     | You fall into a shaft and drop 1 floor!
 14669 | D:12     | Noticed a seven-headed hydra
 14676 | D:12     | Killed a seven-headed hydra
 14819 | D:12     | Reached **** piety under Yredelemnul
 15237 | D:12     | Noticed a white ugly thing
 15250 | D:12     | Killed a green ugly thing
 15542 | D:12     | Noticed a green ugly thing
 15558 | D:12     | Killed a green ugly thing
 15577 | D:12     | Noticed a two-headed ogre
 15589 | D:12     | Reached skill level 11 in Armour
 15607 | D:12     | Reached XP level 12. HP: 92/110 MP: 13/13
 15619 | D:12     | Killed a two-headed ogre
 16358 | D:12     | Received a gift from Yredelemnul (a mummy)
 16429 | D:12     | Noticed a boulder beetle
 16457 | D:12     | Killed a boulder beetle
 16678 | D:12     | Received a gift from Yredelemnul (a wight)
 17152 | D:11     | Noticed a boulder beetle
 17167 | D:11     | Killed a boulder beetle
 17579 | Orc:1    | Entered Level 1 of the Orcish Mines
 17593 | Orc:1    | Noticed an orc warlord
 18148 | Orc:1    | Reached skill level 5 in Invocations
 18371 | D:8      | Killed an orc warlord
 18397 | D:7      | Bought the ring "Suyrr" {rF+ rCorr Str+4 SInv} for 645 gold
                  | pieces
 18641 | Orc:2    | Entered Level 2 of the Orcish Mines
 18641 | Orc:2    | Found Hoileh's Antique Weapon Boutique.
 18666 | Orc:1    | Reached skill level 10 in Dodging
 18689 | Orc:1    | Received a gift from Yredelemnul (a mummy)
 19402 | Orc:1    | Received a gift from Yredelemnul (2 flying skulls)
 19489 | Orc:2    | Found Qymnoler's Antique Armour Emporium.
 19555 | Orc:2    | Found Wism's Jewellery Emporium.
 19653 | Orc:2    | Found Laan Hah's Weapon Boutique.
 19669 | Orc:2    | Found Xaig's Armour Emporium.
 19840 | D:7      | Bought an amulet of regeneration for 450 gold pieces
 19916 | Lair:1   | Entered Level 1 of the Lair of Beasts
 20042 | Lair:1   | Found a glowing golden altar of the Shining One.
 20167 | Lair:1   | Reached skill level 12 in Armour
 20745 | Lair:2   | Found a dark tunnel.
 20775 | Lair:2   | Reached ***** piety under Yredelemnul
 20787 | Lair:2   | Reached XP level 13. HP: 87/118 MP: 16/16
 20826 | Volcano  | Entered a volcano
 21047 | Lair:2   | Received a gift from Yredelemnul (a wraith)
 21473 | Lair:2   | Received a gift from Yredelemnul (3 flying skulls)
 21538 | Lair:2   | Reached skill level 15 in Axes
 21830 | Lair:2   | Received a gift from Yredelemnul (a phantasmal warrior)
 21908 | Lair:2   | Found a hole to the Spider Nest.
 22557 | Lair:3   | Reached skill level 13 in Armour
 22805 | Lair:3   | Received a gift from Yredelemnul (a wight)
 23555 | Lair:4   | Reached XP level 14. HP: 119/129 MP: 19/19
 23802 | Lair:4   | Found a staircase to the Shoals.
 24580 | Lair:5   | Received a gift from Yredelemnul (a vampire)
 24728 | Lair:5   | Found a staircase to the Slime Pits.
 24834 | Lair:5   | Received a gift from Yredelemnul (a wraith)
 24879 | Lair:5   | Noticed Serogusm's ghost (journeyman CeAM)
 24916 | Lair:5   | Found a transporter.
 24921 | Lair:5   | Found a transporter.
 25290 | Lair:6   | Entered Level 6 of the Lair of Beasts
 25413 | Lair:6   | Reached skill level 14 in Armour
 25428 | Lair:6   | Found a frozen archway.
 25449 | Lair:6   | Received a gift from Yredelemnul (a flayed ghost)
 25528 | Lair:6   | Identified the +2 whip "Wati" {vamp, rN+++ Int-2 Dex+4}
 25541 | IceCv    | Entered an ice cave
 25544 | IceCv    | Reached ****** piety under Yredelemnul
 25866 | IceCv    | Received a gift from Yredelemnul (a skeletal warrior)
 26102 | Lair:6   | Received a gift from Yredelemnul (a flayed ghost)
 26183 | Lair:6   | Received a gift from Yredelemnul (a skeletal warrior)
 26447 | Lair:6   | Received a gift from Yredelemnul (a vampire knight)
 26448 | Lair:6   | Found the +3 Elemental Staff {rElec rF++ rC++ Will++ AC+5}
 26454 | Lair:6   | Got the Handbook of Feathers
 26991 | Lair:5   | Received a gift from Yredelemnul (a vampire knight)
 26996 | Lair:5   | Killed Serogusm's ghost
 26997 | Lair:5   | Reached skill level 1 in Staves
 27257 | D:5      | Reached skill level 15 in Armour
 27361 | D:6      | Killed RatCamp's ghost
 27497 | D:8      | Identified the +0 pair of boots of the Merchant {Str+2}
 27497 | D:8      | Killed wakim's ghost
 27709 | D:13     | Received a gift from Yredelemnul (a vampire)
 27756 | D:13     | Reached skill level 10 in Invocations
 27762 | D:13     | Reached XP level 15. HP: 125/139 MP: 21/21
 28267 | D:13     | Identified the +6 war axe of Doom {elec, Int+3}
 28581 | D:13     | Found a portal to a secret trove of treasure.
 28618 | D:13     | Found a gate to the Vaults.
 28971 | Orc:2    | Bought the ring of Vaut Qeco {Wiz rElec Will++ Str-2} for
                  | 578 gold pieces
 29011 | Orc:2    | Noticed Saint Roka
 29139 | Orc:1    | Received a gift from Yredelemnul (a skeletal warrior)
 29164 | Orc:2    | Killed Saint Roka
 29165 | Orc:2    | Reached skill level 15 in Fighting
 29241 | Orc:2    | Found Anlef's Book Shop.
 29273 | Orc:2    | Found Jeetumin's General Store.
 29309 | Orc:2    | Found a staircase to the Elven Halls.
 29390 | Orc:2    | Found Xulats's Antique Weapon Shop.
 29415 | Orc:2    | Found Viqaf's Antique Armour Shop.
 29421 | Orc:2    | Bought a pair of glowing gloves for 217 gold pieces
 29628 | D:14     | Received a gift from Yredelemnul (a profane servitor)
 29845 | D:14     | Identified Roxanne's Papyrus of Stones
 29845 | D:14     | Noticed Roxanne
 29856 | D:14     | Killed Roxanne
 29892 | D:14     | Found a hide-covered altar of Uskayaw.
 29916 | D:14     | Received a gift from Yredelemnul (a phantasmal warrior)
 30152 | D:14     | Found a shadowy altar of Dithmenos.
 30316 | D:15     | Entered Level 15 of the Dungeon
 30412 | D:15     | Reached skill level 16 in Armour
 30529 | D:15     | Noticed Josephine
 30535 | D:15     | Killed Josephine
 30544 | D:15     | Received a gift from Yredelemnul (a bone dragon)
 30569 | D:15     | Noticed Rupert
 30578 | D:15     | Killed Rupert
 30837 | D:15     | Found a broken altar of Ashenzari.
 31156 | D:15     | Received a gift from Yredelemnul (a phantasmal warrior)
 31173 | D:15     | Found a staircase to the Depths.
 31401 | Spider:1 | Entered Level 1 of the Spider Nest
 31431 | Spider:1 | Noticed Nikola
 31439 | Spider:1 | Killed Nikola
 31465 | Spider:1 | Received a gift from Yredelemnul (a vampire)
 31503 | Spider:1 | Received a gift from Yredelemnul (a profane servitor)
 31503 | Spider:1 | Reached skill level 5 in Staves
 31508 | Spider:1 | Reached XP level 16. HP: 129/149 MP: 17/23
 32005 | Spider:1 | Received a gift from Yredelemnul (a flayed ghost)
 32436 | Spider:2 | Reached skill level 17 in Armour
 32449 | Spider:2 | Received a gift from Yredelemnul (a skeletal warrior)
 33309 | Spider:3 | Noticed Bai Suzhen
 33321 | Spider:3 | Killed Bai Suzhen
 33326 | Spider:3 | Received a gift from Yredelemnul (a flayed ghost)
 33351 | Spider:3 | Paralysed by a hornet for 3 turns
 33711 | Spider:4 | Entered Level 4 of the Spider Nest
 33752 | Spider:4 | Received a gift from Yredelemnul (a vampire knight)
 33813 | Spider:4 | Received a gift from Yredelemnul (a phantasmal warrior)
 34284 | Spider:4 | Received a gift from Yredelemnul (a vampire)
 34425 | Spider:4 | Received a gift from Yredelemnul (a skeletal warrior)
 34722 | Spider:4 | Reached skill level 18 in Armour
 34742 | Spider:4 | Got a gossamer rune of Zot
 34993 | Shoals:1 | Entered Level 1 of the Shoals
 35034 | Shoals:1 | Received a gift from Yredelemnul (a phantasmal warrior)
 35459 | Shoals:1 | Acquired a +1 cloak of preservation
 35634 | Shoals:2 | Received a gift from Yredelemnul (a flayed ghost)
 35709 | Shoals:2 | Received a gift from Yredelemnul (a vampire)
 35822 | Shoals:2 | Received a gift from Yredelemnul (a vampire)
 35892 | Shoals:2 | Noticed Polyphemus
 35903 | Shoals:2 | Reached XP level 17. HP: 126/160 MP: 25/25
 35906 | Shoals:2 | Killed Polyphemus
 36153 | Shoals:3 | Noticed Ilsuiw
 36167 | Shoals:3 | Received a gift from Yredelemnul (a vampire)
 36170 | Shoals:3 | Killed Ilsuiw
 36172 | Shoals:3 | Received a gift from Yredelemnul (a flayed ghost)
 36172 | Shoals:3 | Reached skill level 15 in Dodging
 36218 | Shoals:3 | Found Fubbisuv's Assorted Antiques.
 36252 | Shoals:3 | Bought a scroll of enchant weapon for 217 gold pieces
 36252 | Shoals:3 | Bought a scroll of teleportation for 87 gold pieces
 36475 | Shoals:3 | Noticed Kirke
 36486 | Shoals:3 | Killed Kirke
 36664 | Shoals:4 | Entered Level 4 of the Shoals
 36664 | Shoals:4 | Noticed Louise
 36669 | Shoals:4 | Killed Louise
 36680 | Shoals:4 | Received a gift from Yredelemnul (a profane servitor)
 36685 | Shoals:4 | Reached skill level 19 in Armour
 36691 | Shoals:4 | Received a gift from Yredelemnul (a flayed ghost)
 36894 | Shoals:4 | Reached skill level 1 in Polearms
 36920 | Shoals:4 | Received a gift from Yredelemnul (a skeletal warrior)
 37066 | Shoals:4 | Reached skill level 1 in Shields
 37311 | Shoals:4 | Got a barnacled rune of Zot
 37683 | Vaults:1 | Entered Level 1 of the Vaults
 37998 | Vaults:1 | Reached skill level 5 in Polearms
 38072 | Vaults:1 | Received a gift from Yredelemnul (a skeletal warrior)
 38891 | Vaults:2 | Acquired 927 gold pieces
 38960 | Vaults:2 | Reached XP level 18. HP: 170/170 MP: 26/26
 38992 | Vaults:2 | Found a staircase to the Crypt.
 39444 | Vaults:2 | Reached skill level 5 in Shields
 39499 | Vaults:2 | Received a gift from Yredelemnul (a vampire)
 40016 | Vaults:3 | Noticed Margery
 40022 | Vaults:3 | Received a gift from Yredelemnul (a ghoul)
 40025 | Vaults:3 | Killed Margery
 40155 | Vaults:3 | Received a gift from Yredelemnul (a ghoul)
 40314 | Vaults:3 | Noticed Jory
 40323 | Vaults:3 | Killed Jory
 40324 | Vaults:3 | Reached skill level 20 in Armour
 40465 | Vaults:3 | Received a gift from Yredelemnul (a ghoul)
 40582 | Vaults:3 | Found Juizxoq's General Store.
 40699 | Vaults:3 | Noticed Boris
 40706 | Vaults:3 | Killed Boris
 41637 | Vaults:4 | Received a gift from Yredelemnul (a vampire knight)
 41693 | Vaults:4 | Reached skill level 10 in Polearms
 41724 | Vaults:4 | Reached XP level 19. HP: 108/179 MP: 28/28
 41835 | Vaults:4 | Received a gift from Yredelemnul (a flayed ghost)
 42036 | Vaults:5 | Entered Level 5 of the Vaults
 42113 | Vaults:4 | Received a gift from Yredelemnul (a ghoul)
 42352 | Vaults:4 | Received a gift from Yredelemnul (a vampire knight)
 43017 | Vaults:5 | Noticed a dread lich
 43047 | Vaults:5 | Noticed an ancient lich
 43066 | Vaults:4 | Noticed a Brimstone Fiend
 43066 | Vaults:4 | Killed a dread lich
 43091 | Vaults:4 | Received a gift from Yredelemnul (a bone dragon)
 43332 | Vaults:5 | Noticed a dread lich
 43434 | Vaults:5 | Killed from afar by an ancient lich

Illustrated notes

Levels and vault maps discovered:
D:1:      minmay_arrival_three_doors, layout_rooms,
          dilly_ecumenical_altar_fadedgnrine, serial_aquarium,
          aquarium_bridge_square [aquarium_subvault_wall,
          aquarium_subvault_wall, aquarium_subvault_bridge,
          aquarium_subvault_bridge], aquarium_bridge_island_large
          [aquarium_subvault_large_4_pools, aquarium_subvault_window,
          aquarium_subvault_bridge, aquarium_subvault_window,
          aquarium_subvault_bridge], aquarium_window_1, aquarium_window_1,
          aquarium_view_2g, aquarium_balcony_1a, serial_shops, shop, hex_medium,
          chequers_serial_rivers_micro_a
D:2:      layout_rooms, lightli_corner_chamber, uniq_crazy_yiuf_cottage
D:3:      minmay_spotlight, layout_rooms, nemelex_xobeh_ov_fountains_minmay,
          uniq_sigmund, uniq_robin, uniq_jessica, uniq_ijyb
D:4:      layout_basic, mainiacjoe_overflow_chevrons, uniq_natasha, uniq_pikel,
          uniq_menkaure
D:5:      gammafunk_wand_slinger, layout_loops_ring,
          mainiacjoe_overflow_alcove_1,
          chequers_temple_overflow_statue_of_worship,
          nicolae_gozag_cash_rules_everything_around_me, minmay_starry_boxes,
          uniq_grinder
D:6:      layout_basic, portal_sewer_entry_f, gammafunk_ghost_arena
D:7:      layout_rooms, fedhas_altar_1, pdpol_wu_jian_five_deadly_venoms,
          okawaru_gym_becter, minmay_temple_entry_waves, serial_shops,
          kennysheep_mini, shop, shop, nicolae_diamond_shop, nicolae_shop_trees
D:8:      layout_basic, gammafunk_ghost_berserking_beasts,
          serial_co_window_serial, co_window_corner_a, co_window_corner_a,
          co_window_of_opportunity_a, co_window_paths_b,
          co_window_of_opportunity_a, co_window_paths_a,
          co_window_of_opportunity_a, co_window_broadway_a, co_window_corner_cb,
          co_window_corner_b, co_window_of_opportunity_c, co_window_4corner_b,
          glass_columns_a, glass_columns_a, glass_columns_a,
          minmay_misc_feat_ornament, uniq_grum
D:9:      layout_basic
D:10:     layout_long_grid, lemuel_coloured_pillars_altar, zin_treasury,
          david_lair_generic, minmay_orc_entry_temple_small, serial_shops, shop,
          uniq_maurice
D:11:     layout_basic
D:12:     layout_loops_cross, hangedman_parallel_progression
D:13:     layout_basic, hangedman_vaults_entry_quadrant_bands, enter_trove_3
D:14:     layout_gridville, nicolae_uskayaw_dance_hall,
          nicolae_dithmenos_the_darkroom, uniq_roxanne
D:15:     grunt_enter_depths_magical_seal, layout_stronghold,
          hangedman_abyss_or_decor_stagger, ashenzari_conservatory_becter,
          uniq_rupert, uniq_josephine
Temple:   dpeg_chambers_temple
Lair:1:   layout_chaotic_city, basic_altar
Lair:2:   layout_roguey [special_room_bee], spider_nest_entry_funnel_web,
          nicolae_volcano_entry_hallway, serial_bayou_shore_a,
          infiniplex_staircase_pool_2
Lair:3:   layout_chaotic_city, eino_house_with_fridge,
          infiniplex_staircase_pool, lemuel_fruit_fields, serial_bayou_shore_b
Lair:4:   nzn_winding_woodlands_small [nzn_winding_woodlands_5x15_longhouse,
          nzn_winding_woodlands_center_triple_pond,
          nzn_winding_woodlands_5x15_twine], layout_small_grid,
          minmay_shoals_entry_lonely_mermaid
Lair:5:   layout_loops_ring, slime_dummy, gammafunk_ghost_hive,
          lemuel_fruit_tree
Lair:6:   minmay_lair_end_frog_pond, layout_long_grid, portal_ice_cave_rime,
          chequers_serial_rivers_large_a
Shoals:1: layout_shoals
Shoals:2: layout_shoals, uniq_polyphemus
Shoals:3: nicolae_shoals_island_circles, layout_shoals, serial_shops, shop,
          uniq_ilsuiw, uniq_kirke
Shoals:4: shoals_end_hellmonk_lost_city, uniq_louise
Spider:1: layout_spider_delve, drop_trap, hangedman_spider_tarantella_strand,
          uniq_nikola
Spider:2: nicolae_spider_hilbert_zone_4 [nicolae_spider_hilbert_4_sides_2_open,
          nicolae_spider_hilbert_4_sides_1_open,
          nicolae_spider_hilbert_4_sides_1_open,
          nicolae_spider_hilbert_4_sides_1_open,
          nicolae_spider_hilbert_4_sides_1_open,
          nicolae_spider_hilbert_2_sides_1_open,
          nicolae_spider_hilbert_2_sides_1_open,
          nicolae_spider_hilbert_2_sides_1_open,
          nicolae_spider_hilbert_2_sides_1_open,
          nicolae_spider_hilbert_6_sides_1_open,
          nicolae_spider_hilbert_6_sides_1_open,
          nicolae_spider_hilbert_3_sides_1_open,
          nicolae_spider_hilbert_3_sides_1_open], nicolae_spider_cling_halls
Spider:3: layout_spider_delve, nicolae_spider_some_kinda_spiderbox,
          uniq_bai_suzhen
Spider:4: grunt_spider_rune_circles
Orc:1:    layout_caves, mines1_david
Orc:2:    grunt_orc_cross, layout_caves, serial_shops, nicolae_shop_stone,
          nicolae_shop_statue_plus, nicolae_shop_crystal, nicolae_shop_trees,
          shop, uniq_saint_roka
Vaults:1: st_squares, v_misc_27, ontoclasm_vaults_hangar,
          ontoclasm_vaults_pinch, vaults_dpeg_doors, layout_vaults_chaotic_city
Vaults:2: v_misc_12, vaults_room_boxed, nicolae_vaults_theta, serial_ice_h,
          st_star, minmay_crypt_entry_simple_statues, hangedman_vaults_locks,
          vaults_standard_mumra_lines, v_misc_11, vaults_room_fancy_cross,
          vaults_dpeg_encased_lava, layout_vaults_big_cross
Vaults:3: grunt_vaults_hallway_short, v_misc_16, vaults_room_pools,
          vaults_room_stairs_pillars, vaults_room_pools,
          nicolae_vaults_shelves_hall, ontoclasm_vaults_ligature,
          nicolae_vaults_angled_halls, ontoclasm_vaults_idyll,
          layout_vaults_omnigrid, serial_shops, nicolae_square_shop, uniq_jory,
          uniq_boris, uniq_margery
Vaults:4: vaults_room_door_hall, nicolae_vaults_minivaults, v_rooms_3,
          nicolae_vaults_stairing_the_circle, nicolae_vaults_little_squares_6,
          vaults_room_grid, vaults_room_pool, hangedman_vaults_maws,
          nicolae_vaults_little_squares_3, vaults_room_ringed_pool,
          serial_ice_g, layout_vaults_maze, serial_glass
Vaults:5: serial_shops, uniq_frederick

Skill      XL: |  1  2  3  4  5  6  7  8  9 10 11 12 13 14 15 16 17 18 19 |
---------------+----------------------------------------------------------+-----
Axes           | 3 4 5 6 7 9 11 12 13 14 15 | 15.9
Armour         | 2 3 4 5 6 7 9 11 12 13 15 16 18 19 20 | 20.6
Fighting       | 3 4 5 6 8 10 11 12 13 14 15 16 17 18 | 18.5
Dodging        | 3 4 5 6 7 8 9 10 11 13 14 15 16 | 16.7
Invocations    | 3 6 8 10 11 12 13 14 | 14.2
Staves         | 2 5 7 |  7.9
Polearms       | 6 10 12 | 12.2
Shields        | 4 7 8 |  8.6
Throwing       | |  1.0
Spellcasting   | |  1.3
Translocations | |  2.1

Action                   |  1- 3 |  4- 6 |  7- 9 | 10-12 | 13-15 | 16-18 | 19-21 || total
-------------------------+-------+-------+-------+-------+-------+-------+-------++-------
Melee: Hand axe          |    66 |   108 |   110 |       |       |       |       ||   284
       Headbutt          |     8 |    13 |    69 |   218 |   263 |   151 |    81 ||   803
       Whip              |       |       |   178 |   938 |   668 |       |       ||  1784
       Trident           |       |       |       |       |   208 |       |       ||   208
       Staff             |       |       |       |       |   284 |   370 |       ||   654
       War axe           |       |       |       |       |    90 |       |       ||    90
       Demon trident     |       |       |       |       |       |   422 |   337 ||   759
Throw: Dart              |       |     3 |    25 |       |     1 |       |       ||    29
Invok: Recall Undead Sla |       |       |       |     1 |     8 |    15 |     1 ||    25
       Drain Life        |       |       |       |       |    11 |     1 |     4 ||    16
       Animate Dead      |       |       |       |       |     1 |       |       ||     1
       Enslave Soul      |       |       |       |       |       |     1 |       ||     1
Evoke: Wand              |       |       |       |       |     3 |       |       ||     3
  Use: Scroll            |     3 |     1 |     7 |     6 |    11 |    13 |     3 ||    44
       Potion            |     1 |     1 |       |     6 |     2 |       |     4 ||    14
 Stab: Invisible         |       |       |       |    16 |       |       |       ||    16
       Distracted        |       |       |       |     1 |    18 |    12 |     1 ||    32
       Confused          |       |       |       |       |     2 |       |       ||     2
       Petrified         |       |       |       |       |       |     1 |       ||     1
Armor: Leather armour    |    31 |     6 |       |       |       |       |       ||    37
       Chain mail        |       |    41 |   114 |    52 |       |       |       ||   207
       Scale mail        |       |       |       |   330 |   229 |       |       ||   559
       Crystal plate arm |       |       |       |       |   675 |   799 |   356 ||  1830
       Plate armour      |       |       |       |       |   111 |       |       ||   111
Dodge: Dodged            |    55 |    52 |   132 |   592 |   687 |   340 |   106 ||  1964
Block: Tower shield      |       |       |       |       |       |   221 |   403 ||   624
